 Dungeon Crawl Stone Soup version 0.28.0-53-g5a82cb258f (webtiles) character file.

Game seed: 15863130694304896655

41895 firemarshallily the Warrior (level 13, -23/115 HPs)
             Began as a Demonspawn Gladiator on June 11, 2022.
             Was an Initiate of Ignis.
             Annihilated by Rupert
             ... wielding a +1 great mace of holy wrath
              (31 damage)
             ... on level 4 of the Lair of Beasts.
             The game lasted 01:17:15 (18847 turns).

firemarshallily the Warrior (Demonspawn Gladiator) Turns: 18847, Time: 01:17:16

Health: -23/115    AC: 29    Str: 20    XL:     13   Next: 82%
Magic:  13/13      EV: 13    Int:  9    God:    Ignis [......]
Gold:   1118       SH:  7    Dex: 21    Spells: 12/12 levels left

rFire   + . .      SeeInvis .   a - +4 long sword
rCold   + . .      Faith    .   R - +1 buckler
rNeg    . . .      Spirit   .   q - +4 troll leather armour
rPois   .          Reflect  .   c - +2 helmet
rElec   .          Harm     .   f - +2 cloak {rC+}
rCorr   .          Rampage  .   (no gloves)
Will    .....                   (boots unavailable)
Stlth   ++........              j - amulet of magic regeneration
HPRegen 1.09/turn               G - +6 ring of dexterity
MPRegen 0.53/turn               k - +4 ring of protection

@: sanguine armoured
A: hooves 3, foul stench 1, sanguine armour 2, demonic magic 1
a: Renounce Religion, Rising Flame


You were on level 4 of the Lair of Beasts.
You worshipped Ignis.
Ignis was noncommittal.
You visited 3 branches of the dungeon, and saw 19 of its levels.
You also visited: Ice Cave and Volcano.

You collected 1202 gold pieces.
You spent 84 gold pieces at shops.

Inventory:

Hand Weapons
 a - a +4 long sword (weapon)
 B - the +7 rapier of Truncation {vorpal, *Noise rN++ Will+}
   (You found it on level 12 of the Dungeon)

   It inflicts extra damage upon your enemies.
   rN:        It greatly protects you from negative energy.
   *Noise:    It may make noises in combat.
   Will:      It increases your willpower.
 M - a +1 scimitar of flaming
Missiles
 d - a throwing net
 e - 2 silver javelins
 u - 20 poisoned darts
 w - 11 boomerangs (quivered)
Armour
 c - a +2 helmet (worn)
 f - a +2 cloak of cold resistance (worn)
 h - +0 acid dragon scales
 q - a +4 troll leather armour (worn)
 J - a +1 crystal plate armour of cold resistance
 K - a +2 leather armour of resistance
 L - a +0 ring mail of fire resistance
 N - a +2 chain mail of poison resistance
 R - a +1 buckler (worn)
Jewellery
 g - a ring of willpower
 j - an amulet of magic regeneration (around neck)
 k - a +4 ring of protection (right hand)
 D - a ring of ice
 G - a +6 ring of dexterity (left hand)
 P - a ring of flight
 T - an amulet of the acrobat
Wands
 b - a wand of flame (38)
 i - a wand of polymorph (6)
 n - a wand of acid (17)
 t - a wand of iceblast (8)
 v - a wand of digging (7)
 x - a wand of paralysis (21)
 E - a wand of mindburst (11)
Scrolls
 o - 2 scrolls of magic mapping
 y - 4 scrolls of amnesia
 C - 2 scrolls of teleportation
 H - 2 scrolls of identify
 Q - a scroll of fog
 S - 2 scrolls of fear
Potions
 l - 3 potions of flight
 m - 3 potions of lignification
 r - 5 potions of curing
 s - 5 potions of magic
 z - 2 potions of invisibility
 A - 3 potions of attraction
 F - 2 potions of ambrosia
 O - a potion of heal wounds
Miscellaneous
 p - a phial of floods
 I - a condenser vane


   Skills:
 * Level 15.1 Fighting
 - Level 14.0 Long Blades
 - Level 2.0 Throwing
 + Level 9.9 Armour
 - Level 3.0 Dodging
 * Level 4.7 Shields


You had 12 spell levels left.
You didn't know any spells.
Your spell library contained the following spells:

 Spells                   Type           Power      Damage    Failure   Level
 Sting                    Tmut/Pois      0%         1d3       52%         1
 Poisonous Vapours        Pois/Air       0%         N/A       65%         2
 Sublimation of Blood     Necr           0%         N/A       65%         2
 Wereblood                Tmut           0%         N/A       65%         2
 Confusing Touch          Hex            0%         N/A       87%         3
 Ignite Poison            Fire/Tmut/Pois 0%         N/A       87%         3
 Mephitic Cloud           Conj/Pois/Air  0%         N/A       87%         3
 Flame Wave               Conj/Fire      0%         2d4       99%         4
 Fulminant Prism          Conj/Hex       0%         3d6       99%         4
 Iskenderun's Mystic Bla  Conj/Tloc      0%         2d3       99%         4
 Leda's Liquefaction      Hex/Erth       0%         N/A       99%         4
 Olgreb's Toxic Radiance  Pois           0%         N/A       99%         4
 Borgnjor's Vile Clutch   Necr/Erth      0%         N/A       100%        5
 Freezing Cloud           Conj/Ice/Air   0%         6-21      100%        5
 Lee's Rapid Deconstruct  Erth           0%         3d5*      100%        5
 Yara's Violent Unravell  Hex/Tmut       0%         3d3       100%        5
 Statue Form              Tmut/Erth      0%         N/A       100%        6
 Enfeeble                 Hex            0%         N/A       100%        7
 Summon Hydra             Summ           0%         N/A       100%        7


Dungeon Overview and Level Annotations

Branches:
Dungeon (14/15)            Temple (1/1) D:4            Lair (4/6) D:10
  Swamp (0/4) Lair:4       Spider (0/4) Lair:4          Orc (0/2) D:11
  IceCv (visited)         Volcano (visited)
 Vaults: D:13-14

Altars:
Ashenzari
Cheibriados
Dithmenos
Elyvilon
Fedhas
Gozag
Hepliaklqana
Kikubaaqudgha
Makhleb
Nemelex Xobeh
Okawaru
Qazlal
Ru
Sif Muna
Trog
Uskayaw
Vehumet
Wu Jian
Xom
Yredelemnul
Zin
The Shining One
Ignis

Shops:
D:3 [   D:9 [(!?   D:12 *

Annotations:
Lair:4 Rupert


Innate Abilities, Weirdness & Mutations

You have hooves in place of feet.
You may rarely emit foul miasma when damaged in melee.
When seriously injured, your blood forms thick armour. (AC +9)
Spells you cast may paralyse adjacent enemies.


Message History

Aim: Rupert, wielding a +1 great mace of holy wrath and wearing a +0 leather armour (poisoned, 70% to hit)
You throw a poisoned dart. The poisoned dart hits Rupert.
Rupert looks even sicker.
Rupert roars wildly at you.
You struggle to resist.
Throw: 22 darts (poison)
Press: ? - help, Shift-Dir - straight line, f/p - Rupert
Aim: Rupert, wielding a +1 great mace of holy wrath and wearing a +0 leather armour (very poisoned, 70% to hit)
You throw a poisoned dart. The poisoned dart hits Rupert.
Rupert looks even sicker.
Rupert roars madly and goes into a rage!
Rupert goes berserk!
Throw: 21 darts (poison)
Press: ? - help, Shift-Dir - straight line, f/p - Rupert
Aim: Rupert, wielding a +1 great mace of holy wrath and wearing a +0 leather armour (berserk, very poisoned, 70% to hit)
You throw a poisoned dart. The poisoned dart hits Rupert.
Rupert looks as sick as possible!
Throw: 2 throwing nets
Press: ? - help, Shift-Dir - straight line, f/p - Rupert
Aim: Rupert, wielding a +1 great mace of holy wrath and wearing a +0 leather armour (berserk, extremely poisoned, 70% to hit)
You throw a throwing net. The throwing net hits Rupert.
Rupert is caught in the net!
Rupert struggles against the net.
Rupert struggles against the net. x2
The net rips apart, and Rupert comes free!
You closely miss Rupert. Your kick misses Rupert.
Rupert is lightly wounded.
Rupert hits you with a +1 great mace of holy wrath!
You convulse!!
Your blood congeals into armour.
You hit Rupert. You kick Rupert, but do no damage.
Rupert is lightly wounded.
Rupert hits you with a +1 great mace of holy wrath!!
You convulse!!!
* * * LOW HITPOINT WARNING * * *
Rupert hits you but does no damage.
Rupert rages.
Rupert hits you but does no damage.
Rupert rages.
Rupert hits you with a +1 great mace of holy wrath!!
You die...

#..#.##. .. ##....#P#.>.#
#.+..... ... ?......#...
##...P...
..##.....P#..####..##....
..#.....+.....##... #.§.
+....# ...+.# ..####.. #
#...# ##..## #.##PP.≈
#.###.##...###.P..####.##.P.§
.(...(.....@@..............§§
.##.###P####..###..#.P..###§§
### #### ####.#### #.. ###
##. ##


You could see Rupert (berserk, very poisoned).

Vanquished Creatures
  Jorgrun (D:12)
  Harold (Lair:1)
  2 hydras
  Erica (Lair:1)
  2 centaur warriors (D:13)
  4 two-headed ogres
  6 death yaks (Lair:3)
  4 bog bodies
  2 lindwurms
  An orc knight (D:12)
  An orc sorcerer (Volcano)
  A wolf spider (Lair:4)
  2 manticores
  2 ugly things
  An ice statue (IceCv)
  4 elephants (Lair:3)
  5 black mambas
  The ghost of OhItsWolfy the Chopper, a novice DDBe of Trog (D:5)
  A gargoyle (D:11)
  9 cane toads
  A freezing wraith (IceCv)
  6 komodo dragons
  2 rime drakes
  An entropy weaver simulacrum (IceCv)
  An anaconda simulacrum (IceCv)
  A red devil (Volcano)
  4 trolls
  2 polar bears
  Prince Ribbit (D:6)
  A culicivora (Lair:4)
  31 yaks
  2 jumping spiders (Lair:4)
  A wyvern (Lair:1)
  2 humans (D:10)
  Grum (D:10)
  A wraith (D:10)
  3 fire bats (Lair:1)
  2 vampire mosquitoes (D:13)
  3 basilisks
  A death yak simulacrum (IceCv)
  3 acid dragons
  8 water moccasins
  2 hell hounds (Volcano)
  3 orc warriors
  A sky beast (D:7)
  3 ice beasts
  A black bear (D:4)
  11 wolves
  An ogre (D:4)
  5 centaurs
  2 phantoms
  2 kobold brigands
  8 bullfrogs
  A gnoll sergeant (D:12)
  5 cane toad simulacra
  7 two-headed ogre simulacra (IceCv)
  3 scorpions
  A water moccasin skeleton (D:4)
  9 wights
  3 elephant simulacra (IceCv)
  11 electric eels
  4 howler monkeys
  A crimson imp (D:3)
  3 centaur zombies
  A jelly (D:4)
  3 quasits (D:5)
  3 bullfrog skeletons
  4 hounds (D:10)
  5 orc priests
  A gnoll shaman (D:7)
  3 centaur skeletons (D:4)
  Jessica (D:2)
  5 troll simulacra (IceCv)
  An iguana (D:4)
  13 orc wizards
  3 spriggan simulacra (IceCv)
  3 polar bear simulacra
  2 wolf simulacra (IceCv)
  A killer bee zombie (D:6)
  A hound skeleton (D:4)
  12 gnolls
  6 adders
  6 naga simulacra (IceCv)
  A shadow imp (D:5)
  5 white imps
  8 ufetubi
  3 worms
  2 dart slugs
  35 orcs
  7 bats
  9 endoplasms
  7 goblins
  11 hobgoblins
  4 jackals (D:2)
  4 quokkas
  6 ball pythons
  3 frilled lizards
  3 hobgoblin zombies (D:3)
  15 kobolds
  2 kobold skeletons (D:3)
  An orc skeleton (D:3)
  2 orc zombies (D:3)
  4 rats
422 creatures vanquished.

Vanquished Creatures (others)
  90 foxfires
  9 fungi
  13 plants
112 creatures vanquished.

Grand Total: 534 creatures vanquished

Notes
Turn   | Place    | Note
-------+----------+-------------------------------------------
     0 | D:1      | firemarshallily the Demonspawn Gladiator began the quest
                  | for the Orb.
     0 | D:1      | Reached XP level 1. HP: 16/16 MP: 1/1
   569 | D:1      | Gained mutation: You have large cloven feet. [demonic
                  | ancestry]
   569 | D:1      | Reached XP level 2. HP: 13/22 MP: 2/2
  1049 | D:1      | You fall into a shaft and drop 1 floor!
  1049 | D:2      | Noticed Jessica
  1052 | D:2      | Killed Jessica
  1053 | D:2      | Gained mutation: You may rarely emit foul miasma when
                  | damaged in melee. [demonic ancestry]
  1053 | D:2      | Reached XP level 3. HP: 22/28 MP: 3/3
  1385 | D:2      | Reached skill level 3 in Fighting
  1385 | D:2      | Gained mutation: Spells you cast may paralyse adjacent
                  | enemies. [demonic ancestry]
  1385 | D:2      | Reached XP level 4. HP: 29/35 MP: 4/4
  1674 | D:2      | Reached skill level 1 in Armour
  1867 | D:2      | Found a faded altar of an unknown god.
  1909 | D:2      | Prayed at the altar of an unknown god.
  1909 | D:2      | Became a worshipper of Ignis, the Dying Flame
  2300 | D:3      | Found Pil Etsi's Antique Armour Shop.
  2458 | D:3      | Reached XP level 5. HP: 14/41 MP: 5/5
  2936 | D:3      | Found a radiant altar of Vehumet.
  3165 | D:4      | Noticed a phantom
  3174 | D:4      | Killed a phantom
  3175 | D:4      | Reached skill level 4 in Fighting
  3175 | D:4      | Gained mutation: When seriously injured, your blood forms
                  | armour. (AC +9) [demonic ancestry]
  3175 | D:4      | Reached XP level 6. HP: 48/48 MP: 6/6
  3574 | D:4      | Reached skill level 5 in Long Blades
  3574 | D:4      | Gained mutation: You have hoof-like feet. [demonic
                  | ancestry]
  3574 | D:4      | Reached XP level 7. HP: 45/55 MP: 7/7
  3585 | D:4      | Reached skill level 5 in Fighting
  3771 | D:4      | Found a staircase to the Ecumenical Temple.
  3912 | Temple   | Entered the Ecumenical Temple
  4694 | D:5      | Entered Level 5 of the Dungeon
  4702 | D:5      | Found a transporter.
  4942 | D:5      | Found a transporter.
  4997 | D:5      | Noticed a troll
  5009 | D:5      | Killed a troll
  5010 | D:5      | Reached skill level 6 in Fighting
  5010 | D:5      | Reached XP level 8. HP: 43/64 MP: 8/8
  5197 | D:5      | Noticed OhItsWolfy's ghost (novice DDBe)
  5831 | D:6      | Reached skill level 7 in Fighting
  5930 | D:6      | Noticed Prince Ribbit
  5954 | D:6      | Killed Prince Ribbit
  5955 | D:6      | Reached XP level 9. HP: 40/72 MP: 9/9
  6435 | D:7      | Reached skill level 8 in Fighting
  6587 | D:7      | Found an ancient bone altar of Kikubaaqudgha.
  6892 | D:7      | Found a shimmering altar of Xom.
  7209 | D:7      | Found a broken altar of Ashenzari.
  7325 | D:8      | Reached skill level 5 in Armour
  7665 | D:8      | Identified the +7 mace of Jafyics {antimagic, Int+3}
  7731 | D:8      | Reached skill level 9 in Fighting
  7841 | D:8      | Found a shadowy altar of Dithmenos.
  8153 | D:9      | Noticed a manticore
  8154 | D:9      | Noticed a two-headed ogre
  8164 | D:9      | Killed a manticore
  8165 | D:9      | Gained mutation: When seriously injured, your blood forms
                  | thick armour. (AC +9) [demonic ancestry]
  8165 | D:9      | Reached XP level 10. HP: 71/83 MP: 10/10
  8211 | D:9      | Found Jatwuna's Distillery.
  8213 | D:9      | Found Ymofizae's Antique Armour Shop.
  8213 | D:9      | Found Cepirphio's Weapon Shop.
  8241 | D:9      | Found Nesmoy's Magic Scroll Shop.
  8253 | D:9      | Bought a potion of curing for 36 gold pieces
  8253 | D:9      | Bought a potion of might for 48 gold pieces
  8287 | D:9      | Killed a two-headed ogre
  8405 | D:9      | Found a shimmering blue altar of Sif Muna.
  8799 | D:9      | Reached skill level 10 in Fighting
  8837 | D:9      | Found a hide-covered altar of Uskayaw.
  9127 | D:10     | Entered Level 10 of the Dungeon
  9144 | D:10     | Found a snail-covered altar of Cheibriados.
  9254 | D:10     | Noticed Grum
  9270 | D:10     | Killed Grum
  9314 | D:10     | Reached skill level 10 in Long Blades
  9357 | D:10     | Found a staircase to the Lair.
  9506 | D:10     | Noticed a two-headed ogre
  9531 | D:10     | Killed a two-headed ogre
  9534 | D:10     | Reached skill level 11 in Fighting
  9534 | D:10     | Reached XP level 11. HP: 20/93 MP: 11/11
  9637 | D:10     | Found an iron altar of Okawaru.
  9878 | D:10     | Found a stormy altar of Qazlal.
 10321 | D:11     | Found a staircase to the Orcish Mines.
 10336 | D:11     | Found the +9 heavy crossbow "Sniper" {vorpal, Acc+∞ SInv}
 11029 | D:11     | Noticed a two-headed ogre
 11037 | D:11     | Killed a two-headed ogre
 11511 | D:12     | Noticed Jorgrun
 11527 | D:12     | Killed Jorgrun
 11676 | D:12     | Noticed an eight-headed hydra
 11683 | D:12     | Killed a ten-headed hydra
 11684 | D:12     | Reached skill level 12 in Fighting
 11773 | D:12     | Noticed a purple ugly thing
 11781 | D:12     | Killed a purple ugly thing
 11812 | D:12     | Noticed a two-headed ogre
 11818 | D:12     | Killed a two-headed ogre
 11853 | D:12     | Found Zin's Purification Station.
 11858 | D:12     | Identified the +7 rapier of Truncation {vorpal, *Noise rN++
                  | Will+}
 12130 | D:12     | Noticed an orc knight
 12149 | D:12     | Killed an orc knight
 12375 | D:13     | Noticed a six-headed hydra
 12460 | D:13     | Noticed a centaur warrior
 12502 | D:13     | Killed a centaur warrior
 12595 | D:13     | Noticed a centaur warrior
 12605 | D:13     | Killed a centaur warrior
 12606 | D:13     | Reached XP level 12. HP: 57/103 MP: 12/12
 12663 | D:13     | Noticed a boulder beetle
 12946 | D:14     | Noticed a centaur warrior
 13233 | D:5      | Killed OhItsWolfy's ghost
 13721 | Lair:1   | Entered Level 1 of the Lair of Beasts
 13848 | Lair:1   | Found a frozen archway.
 13867 | Lair:1   | Reached skill level 13 in Fighting
 13919 | Lair:1   | Found a dark tunnel.
 13971 | Volcano  | Entered a volcano
 14204 | IceCv    | Entered an ice cave
 15047 | IceCv    | HP: 7/157 [ice beast[an ice statue] (4)]
 15048 | IceCv    | HP: 2/157 [something (5)]
 15412 | IceCv    | Got the Disquisition on Fire and Earth
 15419 | IceCv    | Identified the +0 mace of the Ancient Heavens {drain, Int+6
                  | Stlth-}
 15636 | Lair:1   | Noticed Harold
 15638 | Lair:1   | Noticed Erica
 15685 | Lair:1   | Killed Erica
 15744 | Lair:1   | Killed Harold
 15986 | Lair:1   | Reached skill level 14 in Fighting
 16526 | Lair:2   | Gained mutation: You have hooves in place of feet. [demonic
                  | ancestry]
 16526 | Lair:2   | Reached XP level 13. HP: 113/113 MP: 13/13
 17126 | Lair:2   | Reached skill level 1 in Shields
 18556 | Lair:4   | Found a hole to the Spider Nest.
 18584 | Lair:4   | Reached skill level 15 in Fighting
 18786 | Lair:4   | Found a staircase to the Swamp.
 18829 | Lair:4   | Noticed Rupert
 18842 | Lair:4   | HP: 2/115 [Rupert/+1 great mace of holy wrath (43)]
 18847 | Lair:4   | Annihilated by Rupert

Illustrated notes

Levels and vault maps discovered:
D:1:      dpeg_arrival_morbid_curiosity, layout_rooms, minmay_misc_feat_five,
          minmay_misc_feat_more_columns, hangedman_decor_growths,
          patterned_corridor
D:2:      layout_rooms, ebering_ecumenical_altar_box, uniq_jessica
D:3:      layout_rooms, nicolae_overflow_crystal_walls,
          nicolae_tso_besieged_by_evil, serial_shops, nicolae_shop_behind_doors
D:4:      layout_loops_corners, kennysheep_mini_moat, minmay_temple_entry_waves,
          minivault_14, st_stairs_1, grunt_ministairs_11,
          kennysheep_flooded_box, minmay_misc_feat_plants, minmay_bisected
D:5:      cheibrodos_two_vegetables, layout_gridville,
          gammafunk_ghost_stat_death
D:6:      layout_basic, hangedman_decor_diamond_cutter, uniq_prince_ribbit1
D:7:      layout_gridville, general_overflow_altar,
          mainiacjoe_overflow_alcove_1, nicolae_kikubaaqudgha_miasma_corner
D:8:      layout_cave_pools, lemuel_doored_altar, grunt_ministairs_7,
          due_unseen_surprise
D:9:      layout_basic, led_sif_pool, overflow_temple_1_default,
          minmay_shop_grid_forest
D:10:     layout_rooms, mainiacjoe_overflow_concentric_impassable,
          okawaru_humans, gammafunk_temple_overflow_statue, erik_lair_island,
          uniq_grum
D:11:     layout_layer_cave, orc_0_dummy
D:12:     layout_roguey, minmay_misc_feat_chi, zin_purify, uniq_jorgrun
D:13:     layout_stronghold
D:14:     layout_rooms, david_vaults_4, uniq_nessos
Temple:   jpeg_temple_island
Lair:1:   layout_gridlike, nicolae_volcano_entry_vermiform,
          portal_ice_cave_entry_ice_simulacra, lemuel_another_geyser,
          uniq_harold, uniq_erica
Lair:2:   layout_hall_layers, minmay_stone_trees_small, grunt_megastairs_5
Lair:3:   layout_chaotic_city, serial_bayou_shore_b
Lair:4:   layout_regular_city, skrybe_swamp_entry_bodies,
          spider_nest_entry_funnel_web, grunt_megastairs_4, lemuel_fruit_tree,
          uniq_rupert

Skill      XL: |  1  2  3  4  5  6  7  8  9 10 11 12 13 |
---------------+----------------------------------------+-----
Throwing       | 2 |  2.0
Dodging        | 3 |  3.0
Long Blades    | 3 4 5 6 7 8 10 11 13 14 | 14.0
Fighting       | 3 4 6 7 9 11 12 14 15 | 15.1
Armour         | 1 2 3 4 5 6 8 9 |  9.9
Shields        | 4 |  4.7

Action                   |  1- 3 |  4- 6 |  7- 9 | 10-12 | 13-15 || total
-------------------------+-------+-------+-------+-------+-------++-------
Melee: Long sword        |    73 |   154 |   327 |   770 |   336 ||  1660
       Kick              |    15 |    45 |   115 |   302 |   151 ||   628
       Punch             |       |     4 |     6 |    12 |     2 ||    24
       Scimitar          |       |       |       |       |     5 ||     5
Throw: Stone             |     4 |       |     5 |       |       ||     9
       Throwing net      |       |       |     1 |     5 |     1 ||     7
       Boomerang         |       |       |       |    35 |       ||    35
       Dart              |       |       |       |     2 |     5 ||     7
       Javelin           |       |       |       |     2 |       ||     2
Invok: Fiery Armour      |       |       |     1 |     4 |       ||     5
       Foxfire Swarm     |       |       |       |     5 |       ||     5
Evoke: Wand              |       |       |       |     2 |       ||     2
  Use: Scroll            |     2 |     6 |     7 |    20 |     1 ||    36
       Potion            |     2 |       |     1 |    14 |     1 ||    18
 Stab: Sleeping          |       |     1 |       |       |       ||     1
       Distracted        |       |       |     1 |     2 |       ||     3
Armor: Leather armour    |    32 |    59 |    30 |       |       ||   121
       Troll leather arm |       |       |   172 |   408 |   124 ||   704
       Skin              |       |       |       |     4 |       ||     4
Dodge: Dodged            |    74 |   112 |   231 |   484 |   138 ||  1039
Block: Buckler           |       |       |       |       |    72 ||    72
